 Dungeon Crawl Stone Soup version 0.25-a0-1130-g3926558f3a (webtiles) character file.

Game seed: 13767444020761784779, levelgen mode: deterministic

61 Flugslaktarn the Magician (level 4, -1/21 HPs)
             Began as a Vine Stalker Earth Elementalist on May 19, 2020.
             Slain by a hound (3 damage)
             ... on level 4 of the Dungeon.
             The game lasted 00:02:56 (558 turns).

Flugslaktarn the Magician (VSEE)                     Turns: 558, Time: 00:02:56

Health: -1/21      AC:  4    Str: 10    XL:     4   Next: 7%
Magic:  0/11       EV: 12    Int: 16    God:
Gold:   59         SH:  0    Dex: 15    Spells: 10/11 levels left

rFire    . . .     SeeInvis .   f - +1 dagger (venom)
rCold    . . .     Gourm    .   (no shield)
rNeg     . . .     Faith    .   c - +0 robe
rPois    .         Spirit   +   (no helmet)
rElec    .         Reflect  .   a - +0 cloak
rCorr    .         Harm     .   (no gloves)
MR       .....                  j - +0 pair of boots (curse)
Stlth    ++........             (no amulet)
HPRegen  0.47/turn              (no ring)
MPRegen  0.12/turn              (no ring)

@: no status effects
A: fangs 2, regeneration 1, magic shield, antimagic bite, no potion heal 3, rot
immunity
a: no special abilities


You were on level 4 of the Dungeon.
You were not hungry.

You visited 1 branch of the dungeon, and saw 4 of its levels.

You collected 59 gold pieces.

Inventory:

Hand Weapons
 f - a +1 dagger of venom (weapon)
   (You took it off a kobold on level 1 of the Dungeon)
Missiles
 b - 25 stones (quivered)
Armour
 a - a +0 cloak (worn)
   (You found it on level 1 of the Dungeon)
 c - a +0 robe (worn)
 j - a cursed +0 pair of boots (worn)
   (You found it on level 2 of the Dungeon)
Scrolls
 l - a scroll of enchant weapon {unknown}
 m - a scroll of noise
 t - a scroll of teleportation
Potions
 i - a potion of brilliance {unknown}
 k - a potion of degeneration {unknown}
Comestibles
 e - 5 rations
 g - a chunk of flesh


   Skills:
 - Level 1.5 Dodging
 - Level 2.4 Stealth
 + Level 4.3 Spellcasting
   Level 1.0 Transmutations
 - Level 3.0 Earth Magic


You had 10 spell levels left.
You knew the following spells:

 Your Spells              Type           Power        Failure   Level  Hunger
a - Sandblast             Erth           ##....       4%          1    None

Your spell library contained the following spells:

 Spells                   Type           Power        Failure   Level  Hunger
 Passwall                 Tmut/Erth      #.......     11%         2    ##.....
 Stone Arrow              Conj/Erth      #.....       26%         3    ###....
 Petrify                  Tmut/Erth      #.......     56%         4    ####...
 Lee's Rapid Deconstruct  Erth           ##........   78%         5    ######.


Dungeon Overview and Level Annotations

Branches:
Dungeon (4/15)
 Temple: D:4-7

Altars:
Gozag


Innate Abilities, Weirdness & Mutations

You have extremely sharp teeth.
Your natural rate of healing is unusually fast.
When hurt, damage is shared between your health and your magic reserves.
Your bite disrupts and absorbs the magic of your enemies.
Potions cannot restore your health.
You are immune to rotting.


Message History

Casting: Sandblast (safe; 4% risk of failure)
Confirm with . or Enter, or press ? or * to list all spells.
Aiming: Sandblast (safe; 4% risk of failure)
Press: ? - help, Shift-Dir - straight line, f/p - adder
Aim: an adder (heavily wounded)
The blast of sand hits the adder!
You kill the adder!
You have reached level 4!
You feel agile.
You begin to heal more quickly.
b - 25 stones The hound bites you but does no damage.
The hound barely misses you. The hound bites you.
* * * LOW HITPOINT WARNING * * *
Found 6 gold pieces.
The hound bites you.
* * * LOW HITPOINT WARNING * * *
It was a potion of curing.
That felt strangely inert.
The hound bites you.
You die...

#..........#
#......†...#
#..........#
#..........#
+..........#
#........s##
#.?......l#
######..#h##
##.#@.#
#.#...#
#.#......
.......#
.......#
#.#$.#### #.
..# .# ..#


You could see a scorpion, an iguana and a hound.

Vanquished Creatures
  4 adders
  A worm (D:3)
  A dart slug (D:1)
  2 orcs
  2 bats
  3 hobgoblins
  2 jackals (D:1)
  A ball python (D:1)
  A kobold (D:1)
  5 rats
22 creatures vanquished.

Notes
Turn   | Place    | Note
-------+----------+-------------------------------------------
     0 | D:1      | Flugslaktarn the Vine Stalker Earth Elementalist began the
                  | quest for the Orb.
     0 | D:1      | Reached XP level 1. HP: 9/9 MP: 4/4
   190 | D:1      | Reached XP level 2. HP: 13/13 MP: 6/6
   191 | D:1      | Reached skill level 3 in Spellcasting
   287 | D:2      | Reached XP level 3. HP: 16/16 MP: 6/9
   375 | D:2      | Found an opulent altar of Gozag.
   499 | D:3      | Reached skill level 4 in Spellcasting
   548 | D:4      | Noticed a scorpion
   551 | D:4      | Gained mutation: Your natural rate of healing is unusually
                  | fast. [Vine Stalker growth]
   551 | D:4      | Reached XP level 4. HP: 3/21 MP: 4/11
   557 | D:4      | HP: 1/21 [hound (3)]
   558 | D:4      | Slain by a hound

Illustrated notes

Levels and vault maps discovered:
D:1:      lightli_arrival_windingriver, layout_loops_ring, minivault_14,
          minmay_hedge_maze, minmay_statues_item
D:2:      layout_basic, nicolae_gozag_cash_rules_everything_around_me
D:3:      layout_loops_ring, first_ration, gup_sewer_entry_bowl, uniq_natasha
D:4:      layout_basic, amethyst_overflow_temple_binary, serial_curves,
          eino_curves_04, eino_curves_04, uniq_crazy_yiuf_cottage, uniq_robin

Skill      XL: |  1  2  3 |
---------------+----------+-----
Spellcasting   | 3 4 |  4.3
Dodging        | |  1.5
Stealth        | |  2.4
Transmutations | |  1.0
Earth Magic    | |  3.0

Action                   |  1- 3 |  4- 6 || total
-------------------------+-------+-------++-------
Melee: Dagger            |    37 |       ||    37
       Bite              |     8 |       ||     8
 Cast: Sandblast         |     9 |     1 ||    10
  Use: Scroll            |     2 |       ||     2
       Potion            |       |     1 ||     1
 Stab: Sleeping          |     2 |       ||     2
Armor: Robe              |     8 |     1 ||     9
Dodge: Dodged            |    29 |     1 ||    30

Table legend:
 A = Non-vault XP
 B = Vault XP
 C = Vault XP percentage of total XP
 D = Non-vault monster count
 E = Vault monster count
 F = Vault count percentage of total count
                 A         B        C        D         E       F
            +---------+---------+-------+---------+---------+-------
      Total |      88 |       0 |   0.0 |      22 |       0 |   0.0
            +---------+---------+-------+---------+---------+-------
        D:1 |      18 |       0 |   0.0 |      11 |       0 |   0.0
        D:2 |      33 |       0 |   0.0 |       6 |       0 |   0.0
        D:3 |      21 |       0 |   0.0 |       3 |       0 |   0.0
        D:4 |      16 |       0 |   0.0 |       2 |       0 |   0.0
            +---------+---------+-------+---------+---------+-------
